 Dungeon Crawl Stone Soup version 0.24.1-14-gf8d2b509d9 (webtiles) character file.

Game seed: 11643358100655059729, levelgen mode: deterministic

259 Chiseanne the Skirmisher (level 6, 53/53 HPs)
             Began as a Gnoll Wanderer on May 26, 2020.
             Quit the game on level 5 of the Dungeon.
             The game lasted 00:11:48 (3320 turns).

Chiseanne the Skirmisher (Gnoll Wanderer)           Turns: 3320, Time: 00:11:49

Health: 53/53      AC:  5    Str: 15    XL:     6   Next: 17%
Magic:  8/8        EV: 13    Int: 15    God:
Gold:   101        SH:  0    Dex: 15    Spells: 8/8 levels left

rFire    . . .     SeeInvis .   d - +0 dagger (drain)
rCold    . . .     Gourm    .   (no shield)
rNeg     . . .     Faith    .   c - +2 leather armour
rPois    .         Spirit   .   (no helmet)
rElec    .         Reflect  .   (no cloak)
rCorr    .         Harm     .   (no gloves)
MR       .....                  (no boots)
Stlth    +++.......             h - amulet of magic regeneration
HPRegen  0.17/turn              (no ring)
MPRegen  0.36/turn              (no ring)

@: no status effects
A: distributed training, fangs 1, strong nose
a: no special abilities


You were on level 5 of the Dungeon.
You were hungry.

You visited 2 branches of the dungeon, and saw 6 of its levels.

You collected 101 gold pieces.

Inventory:

Hand Weapons
 a - a +1 dagger
 d - a +0 dagger of draining (weapon)
 s - a +0 falchion
Missiles
 k - 42 sling bullets
 l - 16 poisoned darts (quivered)
 m - 2 boomerangs
Armour
 c - a +2 leather armour (worn)
 g - a +0 leather armour of poison resistance
Jewellery
 h - an amulet of magic regeneration (around neck)
Scrolls
 e - a scroll of teleportation
 p - a scroll of remove curse
Potions
 b - a potion of might {unknown}
 i - a potion of resistance {unknown}
 j - 3 potions of magic
 n - 2 potions of curing {unknown}
Comestibles
 f - 6 rations


   Skills:
 + Level 6.8 Fighting
 + Level 1.8 Short Blades
 + Level 4.9 Long Blades
 + Level 1.8 Axes
 + Level 1.8 Maces & Flails
 + Level 1.8 Polearms
 + Level 1.8 Staves
 + Level 1.8 Slings
 + Level 1.8 Bows
 + Level 1.8 Crossbows
 + Level 3.1 Throwing
 + Level 1.8 Armour
 + Level 3.1 Dodging
 + Level 6.2 Stealth
 + Level 1.8 Shields
 + Level 1.8 Unarmed Combat
 + Level 1.8 Spellcasting
 + Level 1.4 Conjurations
 + Level 1.4 Hexes
 + Level 1.4 Charms
 + Level 1.4 Summonings
 + Level 1.4 Necromancy
 + Level 1.4 Translocations
 + Level 1.4 Transmutations
 + Level 1.4 Fire Magic
 + Level 1.4 Ice Magic
 + Level 1.4 Air Magic
 + Level 1.4 Earth Magic
 + Level 1.4 Poison Magic
 + Level 2.0 Invocations
 + Level 1.8 Evocations


You had 8 spell levels left.
You didn't know any spells.
Your spell library was empty.

Dungeon Overview and Level Annotations

Branches:
Dungeon (5/15)             Temple (1/1) D:4

Altars:
Elyvilon
Hepliaklqana
Kikubaaqudgha
Makhleb
Qazlal
Sif Muna
Uskayaw
Vehumet
Xom
Yredelemnul
The Shining One


Innate Abilities, Weirdness & Mutations

Your experience applies equally to all skills.
You have very sharp teeth.
Your uncanny sense of smell can sniff out nearby items.


Message History

The crimson imp blinks!
The crimson imp misses you.
You closely miss the crimson imp. You bite the crimson imp.
The crimson imp is lightly wounded.
The crimson imp barely misses you.
s - a +0 falchion (weapon)
You closely miss the crimson imp.
The crimson imp is lightly wounded.
The crimson imp misses you.
You hit the crimson imp.
The crimson imp is heavily wounded.
The crimson imp hits you but does no damage.
The crimson imp barely misses you.
You barely miss the crimson imp. Your bite misses the crimson imp.
The crimson imp is moderately wounded.
The crimson imp blinks!
You sense an unholy aura.
d - a +0 dagger of draining (weapon)
Okay, then.
Are you sure you want to abandon this character and quit the game? (Confirm with "yes".)

.. #5# #...
#<# #..### #.#
###.... #.# #
#..5..#
#.###.##.....#
#............#
... #.....#
### #.....#
###@#.# #.#.#
#.#.# #.#.#
#.#.#
######.#.#
.......>..###
#######.....#
#####.#


You could see a crimson imp.

Vanquished Creatures
  3 hounds (D:4)
  A centaur skeleton (D:4)
  A worker ant (D:4)
  A hound skeleton (D:4)
  2 adders
  2 oozes (D:4)
  An adder skeleton (D:4)
  2 worms
  A dart slug (D:2)
  A leopard gecko (D:4)
  7 orcs (D:4)
  2 giant cockroaches
  10 goblins
  3 hobgoblins
  8 jackals
  5 kobolds
  A quokka (D:2)
  5 bats
  6 frilled lizards
  2 rats
64 creatures vanquished.

Notes
Turn   | Place    | Note
-------+----------+-------------------------------------------
     0 | D:1      | Chiseanne the Gnoll Wanderer began the quest for the Orb.
     0 | D:1      | Chiseanne set off with the following items: a +0 falchion,
                  | a +0 ring mail, a +2 leather armour, a +0 dagger, a ration
     0 | D:1      | Reached XP level 1. HP: 23/23 MP: 1/1
   267 | D:1      | Reached XP level 2. HP: 29/29 MP: 2/2
   833 | D:2      | Reached XP level 3. HP: 35/35 MP: 3/3
   860 | D:2      | Found a hide-covered altar of Uskayaw.
   958 | D:2      | Reached skill level 1 in Invocations
  1112 | D:4      | Noticed a scorpion
  1261 | D:3      | Reached skill level 1 in Short Blades
  1261 | D:3      | Reached skill level 1 in Axes
  1261 | D:3      | Reached skill level 1 in Maces & Flails
  1261 | D:3      | Reached skill level 1 in Polearms
  1261 | D:3      | Reached skill level 1 in Staves
  1261 | D:3      | Reached skill level 1 in Slings
  1261 | D:3      | Reached skill level 1 in Bows
  1261 | D:3      | Reached skill level 1 in Crossbows
  1261 | D:3      | Reached skill level 1 in Armour
  1261 | D:3      | Reached skill level 1 in Shields
  1261 | D:3      | Reached skill level 1 in Unarmed Combat
  1261 | D:3      | Reached skill level 1 in Spellcasting
  1261 | D:3      | Reached skill level 1 in Evocations
  1375 | D:4      | Reached XP level 4. HP: 31/41 MP: 5/5
  1651 | D:4      | Reached skill level 1 in Conjurations
  1651 | D:4      | Reached skill level 1 in Hexes
  1651 | D:4      | Reached skill level 1 in Charms
  1651 | D:4      | Reached skill level 1 in Summonings
  1651 | D:4      | Reached skill level 1 in Necromancy
  1651 | D:4      | Reached skill level 1 in Translocations
  1651 | D:4      | Reached skill level 1 in Transmutations
  1651 | D:4      | Reached skill level 1 in Fire Magic
  1651 | D:4      | Reached skill level 1 in Ice Magic
  1651 | D:4      | Reached skill level 1 in Air Magic
  1651 | D:4      | Reached skill level 1 in Earth Magic
  1651 | D:4      | Reached skill level 1 in Poison Magic
  1713 | D:4      | Found a staircase to the Ecumenical Temple.
  1722 | Temple   | Entered the Ecumenical Temple
  1927 | D:4      | Reached XP level 5. HP: 16/47 MP: 5/7
  2926 | D:4      | Reached XP level 6. HP: 53/53 MP: 8/8
  3242 | D:5      | Entered Level 5 of the Dungeon
  3320 | D:5      | Quit the game

Levels and vault maps discovered:
D:1:      lemuel_arrival_room, layout_basic, item_on_display_a
D:2:      layout_basic, lemuel_doored_altar
D:3:      layout_basic
D:4:      kennysheep_the_goblin_king, layout_gridville,
          minmay_temple_entry_waves
D:5:      layout_loops_ring, first_ration, sigmund_army
Temple:   compressed_dpeg_circular_temple

Skill      XL: |  1  2  3  4  5  6 |
---------------+-------------------+-----
Stealth        | 6 |  6.2
Invocations    | 1 2 |  2.0
Short Blades   | 1 |  1.8
Axes           | 1 |  1.8
Maces & Flails | 1 |  1.8
Polearms       | 1 |  1.8
Staves         | 1 |  1.8
Slings         | 1 |  1.8
Bows           | 1 |  1.8
Crossbows      | 1 |  1.8
Armour         | 1 |  1.8
Shields        | 1 |  1.8
Unarmed Combat | 1 |  1.8
Spellcasting   | 1 |  1.8
Evocations     | 1 |  1.8
Conjurations   | 1 |  1.4
Hexes          | 1 |  1.4
Charms         | 1 |  1.4
Summonings     | 1 |  1.4
Necromancy     | 1 |  1.4
Translocations | 1 |  1.4
Transmutations | 1 |  1.4
Fire Magic     | 1 |  1.4
Ice Magic      | 1 |  1.4
Air Magic      | 1 |  1.4
Earth Magic    | 1 |  1.4
Poison Magic   | 1 |  1.4
Throwing       | 3 |  3.1
Dodging        | 3 |  3.1
Fighting       | |  6.8
Long Blades    | |  4.9

Action                   |  1- 3 |  4- 6 || total
-------------------------+-------+-------++-------
Melee: Falchion          |    74 |    62 ||   136
       Dagger            |    34 |    53 ||    87
       Bite              |     9 |    16 ||    25
       Punch             |     2 |     1 ||     3
Throw: Dart              |       |    30 ||    30
  Use: Scroll            |     6 |     1 ||     7
 Stab: Sleeping          |    17 |     1 ||    18
  Eat: Chunk             |     1 |     6 ||     7
Armor: Leather armour    |    33 |    34 ||    67
Dodge: Dodged            |    60 |   102 ||   162
       Rpst.: Falchion   |    20 |    20 ||    40
